 Dungeon Crawl Stone Soup version 0.28-a0-589-g333b8329f1 (webtiles) character file.

Game seed: 65731563117440967

20895 freelancePsychic the Thaumaturge (level 13, 0/86 HPs)
             Began as a Djinni Necromancer on Oct 3, 2021.
             Was an Elder of Hepliaklqana.
             Slain by a water moccasin (5 damage)
             ... on level 1 of the Lair of Beasts.
             The game lasted 00:33:00 (22757 turns).

freelancePsychic the Thaumaturge (DjNe)            Turns: 22757, Time: 00:33:01

Health: 0/86       AC:  8    Str:  7    XL:     13   Next: 15%
Gold:   700        EV: 15    Int: 21    God:    Hepliaklqana [****..] SH:  0 Dex: 15

rFire   + + .      SeeInvis .   A - +1 lajatang
rCold   . . .      Faith    .   (shield currently unavailable)
rNeg    . . .      Spirit   .   v - +3 leather armour {rC+}
rPois   ∞          Reflect  .   (no helmet)
rElec   .          Harm     .   n - +1 cloak
rCorr   .          Rampage  .   (no gloves)
Will    +....                   (boots unavailable)
Stlth   ++........              (no amulet)
HPRegen 0.24/turn               x - +4 ring of evasion
MPRegen 0.00/turn               (no ring)

@: about to teleport, flying
A: reduced essence, sickness immunity, fire resistance 2, cold vulnerability 1,
float, innate caster, hp casting, extra vitality 1
a: Renounce Religion, Recall Ancestor, Ancestor Identity, Transference, Idealise


You were on level 1 of the Lair of Beasts.
You worshipped Hepliaklqana.
Hepliaklqana was greatly pleased with you.
You visited 3 branches of the dungeon, and saw 15 of its levels.

You collected 700 gold pieces.

Inventory:

Hand Weapons
 j - a +3 long sword of holy wrath
 r - a +6 dagger
 y - a +0 great sword
 A - a +1 lajatang (weapon)
Armour
 n - a +1 cloak (worn)
 v - a +3 leather armour of cold resistance (worn)
Jewellery
 x - a +4 ring of evasion (left hand)
 z - a +4 ring of slaying
Wands
 a - a wand of acid (8)
 e - a wand of iceblast (18)
 l - a wand of mindburst (14)
 m - a wand of polymorph (28)
 B - a wand of flame (13)
Scrolls
 f - 5 scrolls of teleportation {@r4}
 q - 2 scrolls of enchant armour
 s - a scroll of fog
 t - 2 scrolls of fear
 C - a scroll of silence
 E - a scroll of identify {@r1}
Potions
 b - 3 potions of heal wounds {@q2}
 c - 5 potions of curing {@q1}
 d - a potion of berserk rage {unknown}
 g - 3 potions of brilliance
 h - 2 potions of degeneration {unknown}
 i - 5 potions of might {unknown}
 k - a potion of attraction {unknown}
 o - a potion of mutation {unknown}
 p - a potion of ambrosia {unknown}
 u - a potion of haste {unknown}
 w - a potion of magic {unknown}
 D - 2 potions of resistance {unknown}


   Skills:
 + Level 10.1 Fighting
 - Level 1.8 Long Blades
 - Level 10.1 Staves
 - Level 2.1 Dodging
 - Level 1.5 Stealth
 + Level 11.9 Spellcasting


You had 3 spell levels left.
You knew the following spells:

 Your Spells              Type           Power      Damage    Failure   Level
a - Sting                 Tmut/Pois      100%       1d8       1%          1
b - Lightning Bolt        Conj/Air       29%        1d45      1%          5
c - Vampiric Draining     Necr           29%        2d10      1%          3
d - Manifold Assault      Tloc           58%        N/A       1%          5
e - Agony                 Necr           58%        N/A       1%          5
f - Pain                  Necr           100%       1d9       1%          1
g - Corpse Rot            Necr/Air       N/A        N/A       1%          2
h - Slow                  Hex            58%        N/A       1%          2
i - Swiftness             Air            58%        N/A       1%          3
j - Animate Dead          Necr           29%        N/A       1%          4
k - Animate Skeleton      Necr           100%       N/A       1%          1
Your spell library was empty.

Dungeon Overview and Level Annotations

Branches:
Dungeon (13/15)            Temple (0/1) D:4            Lair (1/6) D:10
    Orc (1/2) D:9          Vaults (0/5) D:13

Altars:
Cheibriados
Dithmenos
Elyvilon
Fedhas
Hepliaklqana
Makhleb
Nemelex Xobeh
Qazlal
Ru
Trog
Yredelemnul
Zin
The Shining One

Annotations:
D:3 Grinder
D:10 1 runed translucent door, AttackTheMoon's ghost, journeyman DrTm


Innate Abilities, Weirdness & Mutations

Your life essence is reduced to manifest your ancestor. (-10% HP)
You are immune to sickness and miasma.
You are immune to poison.
Your flesh is very heat resistant. (rF++)
You are vulnerable to cold. (rC-)
You float through the air rather than walking.
You learn spells naturally, not from books.
Your magical power is your life essence.
You have superior vitality. (+4 HP)


Message History

The yak dies!
The yak closely misses Edwyna.
Edwyna hits the yak with a +0 flail!
The yak gores Edwyna.
The yak gores Edwyna but does no damage.
The yak barely misses Edwyna.
Edwyna hits the yak with a +0 flail.
The yak gores Edwyna but does no damage.
The yak misses you.
The yak closely misses Edwyna.
Edwyna hits the yak with a +0 flail!
The yak dies!
Something gores Edwyna.
Your magical contamination has completely faded away.
Edwyna hits the yak with a +0 flail.
The yak gores Edwyna but does no damage.
You see here a hydra corpse.
The black mamba misses you.
Something gores Edwyna.
The black mamba barely misses you. The black mamba bites you!
Casting: Lightning Bolt (dangerous; 1% risk of failure)
Confirm with . or Enter, or press ? or * to list all spells.
Aiming: Lightning Bolt (dangerous; 1% risk of failure)
Press: ? - help, Shift-Dir - straight line, f - black mamba
Aim: a black mamba (43% to hit)
You hear a mighty clap of thunder!
The bolt of lightning misses the black mamba.
The bolt of lightning misses the water moccasin.
The black mamba bites you but does no damage.
Casting: Lightning Bolt (dangerous; 1% risk of failure)
Confirm with . or Enter, or press ? or * to list all spells.
Aiming: Lightning Bolt (dangerous; 1% risk of failure)
Press: ? - help, Shift-Dir - straight line, f/p - black mamba
Aim: a black mamba (43% to hit)
That beam is likely to hit you.
Continue anyway?
Okay, then.
The black mamba barely misses you. The black mamba bites you!
* * * LOW HITPOINT WARNING * * *
As you read the scroll of teleportation {@r4}, it crumbles to dust.
You feel strangely unstable. The black mamba bites you!
* * * LOW HITPOINT WARNING * * *
The water moccasin bites you.
You die...

#..#..# ..#...........##
#.....# . #####....##.P#
.##.†...# #....##.## ........##
####.....# #...Y...######
#.#.[†..## ..$#.....)#...#
##.....#..# ...#...#......###
#.........#
.............)#S####....##...##
..........R†..YS@^............#
.###########.Y##....####......#
######..[##........#
######......### #.....##
####.## ###


You could see the friendly Edwyna the knight, a black mamba, 2 yaks and a water
moccasin.

Vanquished Creatures
  A hydra (Lair:1)
  2 two-headed ogres
  Pikel (D:7)
  A deep elf pyromancer (D:11)
  An ugly thing (D:12)
  3 cyclopes (D:12)
  A gargoyle (D:10)
  A kobold demonologist (D:11)
  An efreet (D:13)
  A troll (D:10)
  2 slime creatures (D:12)
  A wraith (D:12)
  A wyvern (Lair:1)
  19 yaks
  2 steam dragons
  A vampire mosquito (D:13)
  A basilisk (Lair:1)
  Edmund (D:6)
  A death yak simulacrum (D:12)
  An acid dragon (D:7)
  A warg (D:8)
  A water moccasin (D:7)
  Duvessa (D:6)
  3 black bears
  3 orc warriors
  2 ice beasts (D:7)
  A sky beast (D:6)
  2 necrophages
  4 centaurs
  2 ogres
  3 phantoms
  2 kobold brigands
  9 bullfrogs
  A wyvern zombie (D:9)
  2 scorpions
  Dowan (D:6)
  A cane toad simulacrum (D:12)
  A wyvern skeleton (D:6)
  18 killer bees
  An electric eel (D:10)
  A howler monkey (D:11)
  A bullfrog zombie (D:6)
  3 hounds
  4 jellies
  3 orc priests
  A bullfrog skeleton (D:4)
  2 iguanas (D:6)
  3 orc wizards
  3 spriggan simulacra (D:12)
  A wolf simulacrum (D:12)
  8 gnolls
  2 naga simulacra (D:12)
  4 adders
  A shadow imp (D:6)
  A white imp (D:5)
  An ufetubus (D:4)
  A worm (D:2)
  2 dart slugs (D:1)
  22 orcs
  4 ball pythons
  4 bats
  4 endoplasms
  4 giant cockroaches
  2 goblins
  5 hobgoblins
  3 jackals (D:2)
  3 frilled lizards
  18 kobolds
  7 rats
220 creatures vanquished.

Vanquished Creatures (collateral kills)
  2 two-headed ogres
  A deep elf pyromancer (D:12)
  3 gargoyles (D:10)
  A queen bee (D:8)
  A hornet (D:9)
  A slime creature (D:12)
  3 wyverns
  13 yaks
  A wraith (D:10)
  2 vampire mosquitoes (D:13)
  An acid dragon (D:12)
  A hornet zombie (D:7)
  2 orc warriors
  A sky beast (D:8)
  2 ice beasts
  An ogre (D:6)
  A centaur (D:10)
  A gnoll sergeant (D:9)
  6 killer bees
  An electric eel (D:10)
  A centaur zombie (D:9)
  A gnoll shaman (D:6)
  An orc priest (D:6)
  4 orc wizards
  2 howler monkey zombies (D:9)
  4 gnolls
  A white imp (D:7)
  4 orcs
  A kobold (D:11)
64 creatures vanquished.

Vanquished Creatures (others)
  A yak (D:11)
  2 knights
  2 ancestors
  A fungus (Lair:1)
  16 plants
22 creatures vanquished.

Grand Total: 306 creatures vanquished

Notes
Turn   | Place    | Note
-------+----------+-------------------------------------------
     0 | D:1      | freelancePsychic the Djinni Necromancer began the quest for
                  | the Orb.
     0 | D:1      | Reached XP level 1. HP: 15/15 MP: 0/0
   297 | D:1      | Reached XP level 2. HP: 11/22 MP: 0/0
   757 | D:1      | Reached skill level 1 in Fighting
   813 | D:1      | Found a faded altar of an unknown god.
  1184 | D:1      | You are sucked into a shaft and drop 1 floor!
  1386 | D:1      | Reached XP level 3. HP: 18/27 MP: 0/0
  1386 | D:1      | Learned a level 1 spell: Sting
  2054 | D:1      | Reached skill level 4 in Spellcasting
  2054 | D:1      | Reached XP level 4. HP: 18/33 MP: 0/0
  3514 | D:3      | Found a white marble altar of Elyvilon.
  3514 | D:3      | Found a glowing silver altar of Zin.
  3516 | D:3      | Found a glowing golden altar of the Shining One.
  3599 | D:3      | Noticed Grinder
  3951 | D:3      | Reached XP level 5. HP: 35/38 MP: 0/0
  3951 | D:3      | Learned a level 2 spell: Corpse Rot
  4762 | D:4      | Found a hazy altar of Hepliaklqana.
  4767 | D:4      | Became a worshipper of Hepliaklqana the Forgotten
  4785 | D:4      | Found a staircase to the Ecumenical Temple.
  4955 | D:4      | Reached skill level 1 in Long Blades
  4955 | D:4      | Reached XP level 6. HP: 44/45 MP: 0/0
  5478 | D:4      | Noticed a black bear
  5634 | D:5      | Entered Level 5 of the Dungeon
  5638 | D:5      | Noticed a black bear
  5650 | D:5      | Killed a black bear
  5651 | D:5      | Reached skill level 5 in Spellcasting
  6367 | D:5      | Reached * piety under Hepliaklqana
  6409 | D:5      | Reached XP level 7. HP: 13/45 MP: 0/0
  6409 | D:5      | Learned a level 2 spell: Slow
  6627 | D:5      | Found a blossoming altar of Fedhas.
  6822 | D:5      | Found a shadowy altar of Dithmenos.
  7182 | D:6      | Reached skill level 6 in Spellcasting
  7195 | D:6      | Noticed Edmund
  7233 | D:6      | HP: 2/47 [ogre (28)]
  7235 | D:6      | Reached XP level 8. HP: 3/52 MP: 0/0
  7630 | D:6      | Reached skill level 5 in Fighting
  7682 | D:6      | Noticed Duvessa
  7682 | D:6      | Noticed Dowan
  7698 | D:6      | Killed Duvessa
  8009 | D:4      | Reached skill level 7 in Spellcasting
  8212 | D:6      | Killed Dowan
  8221 | D:6      | Noticed a wyvern
  8229 | D:6      | Killed a wyvern
  8230 | D:6      | Reached XP level 9. HP: 22/59 MP: 0/0
  8230 | D:6      | Learned a level 3 spell: Swiftness
  9006 | D:6      | Found a snail-covered altar of Cheibriados.
  9075 | D:6      | Killed Edmund
  9076 | D:6      | Reached skill level 8 in Spellcasting
 10108 | D:7      | Reached XP level 10. HP: 66/67 MP: 0/0
 10283 | D:7      | Reached skill level 9 in Spellcasting
 10492 | D:7      | Noticed a two-headed ogre
 10973 | D:7      | Noticed Pikel
 10995 | D:7      | Killed Pikel
 11042 | D:7      | Found a bloodstained altar of Trog.
 11136 | D:7      | Found a sacrificial altar of Ru.
 11220 | D:7      | Found a sparkling altar of Nemelex Xobeh.
 11341 | D:8      | Reached ** piety under Hepliaklqana
 11342 | D:8      | Remembered your ancestor Edwyna as a knight
 11474 | D:8      | Reached skill level 10 in Spellcasting
 11576 | D:8      | Found a burning altar of Makhleb.
 11693 | D:8      | Found a basalt altar of Yredelemnul.
 12033 | D:8      | Reached XP level 11. HP: 71/75 MP: 0/0
 12033 | D:8      | Learned a level 5 spell: Manifold Assault
 12534 | D:8      | Found a stormy altar of Qazlal.
 12704 | D:9      | Found a staircase to the Orcish Mines.
 13132 | D:8      | Reached skill level 11 in Spellcasting
 14270 | D:9      | Noticed a two-headed ogre
 14275 | D:9      | Killed a two-headed ogre
 14276 | D:9      | Reached skill level 1 in Staves
 14749 | Orc:1    | Entered Level 1 of the Orcish Mines
 14750 | Orc:1    | Noticed a two-headed ogre
 15012 | D:10     | Entered Level 10 of the Dungeon
 15059 | D:10     | Found a staircase to the Lair.
 15076 | D:10     | Identified the +5 falchion "Yfemel" {vorpal, *Rage rPois
                  | Str+4}
 15754 | D:10     | Reached *** piety under Hepliaklqana
 16024 | D:10     | Noticed AttackTheMoon's ghost (journeyman DrTm)
 16024 | D:10     | Found a runed translucent door.
 17513 | D:10     | Reached XP level 12. HP: 66/81 MP: 0/0
 17932 | D:11     | Reached skill level 5 in Staves
 18407 | D:11     | Noticed a two-headed ogre
 18413 | D:11     | Killed a two-headed ogre
 19183 | D:12     | Noticed a two-headed ogre
 19191 | D:12     | Killed a two-headed ogre
 19760 | D:12     | Reached **** piety under Hepliaklqana
 21453 | D:13     | Noticed a two-headed ogre
 21455 | D:13     | Found a gate to the Vaults.
 21455 | D:13     | Noticed a vault guard
 21469 | D:13     | Killed a two-headed ogre
 21866 | Lair:1   | Entered Level 1 of the Lair of Beasts
 22138 | Lair:1   | Reached skill level 10 in Staves
 22299 | Lair:1   | Reached XP level 13. HP: 79/84 MP: 0/0
 22299 | Lair:1   | Learned a level 5 spell: Lightning Bolt
 22599 | Lair:1   | Noticed a four-headed hydra
 22603 | Lair:1   | Killed a four-headed hydra
 22740 | Lair:1   | Reached skill level 10 in Fighting
 22757 | Lair:1   | Slain by a water moccasin

Illustrated notes

Levels and vault maps discovered:
D:1:      nzn_arrival_depleted_hourglass, layout_basic,
          hellmonk_ecumenical_altar_inner_sanctum, minmay_crystal_room,
          minmay_heptomino_l4
D:2:      layout_basic, lexackson_kobold_supper
D:3:      layout_basic, good_gods_temple_1, uniq_grinder
D:4:      layout_basic, nzn_hepliaklqana_mist_gate,
          minmay_temple_entry_statues_pillars, item_on_display_a
D:5:      layout_loops_corners, fedhas_ov_isle_minmay, grunt_dithmenos_shadows,
          minmay_misc_feat_x
D:6:      layout_loops_ring, mainiacjoe_overflow_chevrons,
          minmay_increasing_density, uniq_edmund, uniq_duvessa
D:7:      minmay_razor_zed, layout_loops_cross, nemelex_diamond_rough_becter,
          nicolae_ru_awakened_eye, lemuel_tele_altar, uniq_pikel
D:8:      layout_loops_ring, nicolae_qazlal_eye_of_the_storm, kennysheep_mini,
          mainiacjoe_overflow_paths, st_stairs_6, minivault_11,
          nicolae_looking_at_the_future
D:9:      layout_roguey, david_orc_3
D:10:     cheibrodos_statue_roulette, layout_basic, lair_entry_dummy,
          ebering_ghost_reflecting_pool, minmay_stone_trees_medium,
          bh_walls_and_bars
D:11:     layout_long_grid
D:12:     layout_big_octagon, portal_ice_cave_entry_ice_simulacra
D:13:     layout_loops_cross, david_vaults_5, kennysheep_diamond,
          hangedman_fish_farm, uniq_jorgrun
Lair:1:   layout_misc_corridors, basic_altar, grunt_megastairs_5
Orc:1:    layout_caves, mines2_david

Skill      XL: |  1  2  3  4  5  6  7  8  9 10 11 12 13 |
---------------+----------------------------------------+-----
Fighting       | 1 2 3 4 5 7 9 10 | 10.1
Spellcasting   | 4 5 6 7 8 10 11 | 11.9
Long Blades    | 1 |  1.8
Staves         | 4 10 | 10.1
Dodging        | |  2.1
Stealth        | |  1.5

Action                   |  1- 3 |  4- 6 |  7- 9 | 10-12 | 13-15 || total
-------------------------+-------+-------+-------+-------+-------++-------
Melee: Long sword        |       |    21 |    33 |    45 |       ||    99
       Lajatang          |       |       |       |   313 |    20 ||   333
 Cast: Pain              |    29 |       |       |       |       ||    29
       Sting             |    21 |    70 |    32 |   135 |       ||   258
       Vampiric Draining |       |    24 |    70 |    68 |       ||   162
       Slow              |       |       |    19 |       |       ||    19
       Animate Dead      |       |       |     1 |       |       ||     1
       Manifold Assault  |       |       |       |   207 |    12 ||   219
       Lightning Bolt    |       |       |       |       |    14 ||    14
Invok: Recall Ancestor   |       |       |     1 |     4 |       ||     5
       Ancestor Life: Kn |       |       |       |     1 |       ||     1
Evoke: Wand              |       |       |       |    25 |       ||    25
  Use: Scroll            |       |     3 |     4 |    10 |     1 ||    18
       Potion            |       |       |       |     3 |       ||     3
Armor: Robe              |     2 |    11 |       |       |       ||    13
       Leather armour    |       |     3 |    19 |    46 |     1 ||    69
Dodge: Dodged            |    13 |    46 |    59 |   119 |     5 ||   242

Table legend: (Time is in decaauts)
 A = Elapsed time spent in this place.
 B = Non-inter-level travel time spent in this place.
 C = Inter-level travel time spent in this place.
 D = Time resting spent in this place.
 E = Time spent auto-exploring this place.
 F = Levels seen in this place.
 G = Mean time per level.
                   A        B        C        D        E       F      G
               +--------+--------+--------+--------+--------+-----+--------+
         Total |  22831 |  22007 |    824 |   2984 |  16709 |  15 | 1522.1 |
       Dungeon |  22186 |  21363 |    823 |   2984 |  16150 |  13 | 1706.6 |
          Lair |    640 |    640 |      0 |      0 |    559 |   1 |  640.0 |
  Orcish Mines |      4 |      4 |      0 |      0 |      0 |   1 |    4.0 |
               +--------+--------+--------+--------+--------+-----+--------+

Top non-repeatable levels by time:
    D:10: 2835 daAuts
     D:6: 2238 daAuts
     D:9: 2132 daAuts
    D:11: 2129 daAuts
     D:1: 2074 daAuts
     D:5: 1897 daAuts
     D:8: 1780 daAuts
     D:4: 1583 daAuts
    D:12: 1546 daAuts
     D:2: 1444 daAuts
     D:7: 1245 daAuts
     D:3: 884 daAuts
  Lair:1: 640 daAuts
    D:13: 393 daAuts
   Orc:1: 4 daAuts
